 Dungeon Crawl Stone Soup version 0.28-a0-1506-g3893175d92 (webtiles) character file.

Game seed: 9153308376764509127

13 croobank the Insei (level 2, -4/18 HPs)
             Began as an Octopode Transmuter on Jan 13, 2022.
             Slain by an orc (5 damage)
             ... on level 2 of the Dungeon.
             The game lasted 00:01:08 (235 turns).

croobank the Insei (Octopode Transmuter)             Turns: 235, Time: 00:01:10

Health: -4/18      AC:  1    Str:  9    XL:     2   Next: 37%
Magic:  2/5        EV: 13    Int: 15    God:
Gold:   20         SH:  0    Dex: 12    Spells: 4/5 levels left

rFire   . . .      SeeInvis .     - Unarmed
rCold   . . .      Faith    .   (no shield)
rNeg    . . .      Spirit   .   (helmet currently unavailable)
rPois   .          Reflect  .   (no amulet)
rElec   .          Harm     .   (no ring)
rCorr   .          Rampage  .   (no ring)
Will    .....                   (no ring)
Stlth   ++........              (no ring)
HPRegen 0.06/turn               (no ring)
MPRegen 0.09/turn               (no ring)
                                (no ring)
                                (no ring)

@: appendages
A: tentacle spike 3, almost no armour, amphibious, 8 rings, camouflage 1,
gelatinous body 1, (nimble swimmer 1), tentacles
a: End Transformation


You were on level 2 of the Dungeon.
One of your tentacles had grown a beastly spike.
You visited 1 branch of the dungeon, and saw 2 of its levels.

You collected 20 gold pieces.

You aren't carrying anything.


   Skills:
 + Level 1.3 Fighting
 + Level 2.2 Dodging
 + Level 3.1 Unarmed Combat
 + Level 2.1 Spellcasting
 + Level 2.2 Transmutations


You had 4 spell levels left.
You knew the following spells:

 Your Spells              Type           Power      Damage    Failure   Level
a - Beastly Appendage     Tmut           16%        N/A       9%          1

Your spell library contained the following spells:

 Spells                   Type           Power      Damage    Failure   Level
 Wereblood                Tmut           8%         N/A       13%         2
 Spider Form              Tmut/Pois      4%         N/A       38%         3
 Ice Form                 Ice/Tmut       4%         N/A       80%         4


Dungeon Overview and Level Annotations

Branches:
Dungeon (1/15)

Altars:

Shops:
D:1 (


Innate Abilities, Weirdness & Mutations

One of your tentacles has grown a beastly spike.
You cannot wear most types of armour.
You are amphibious.
You can wear up to eight rings at the same time.
Your skin changes colour to match your surroundings (Stealth+).
Your rubbery body absorbs attacks. (AC +1, EV +1)
((You are camouflaged when in or above water. (Stealth+)))
You have tentacles for arms and can constrict up to eight enemies at once.


Message History

You barely miss the orc. You grab the orc.
You pierce the orc, but do no damage.
You squeeze the orc.
You kill the orc!
The goblin hits you with a +0 dagger.
You tentacle-slap the orc but do no damage.
You grab the orc.
You pierce the orc, but do no damage.
You squeeze the orc, but do no damage.
Your tentacle spike disappears.
You constrict the orc, but do no damage.
The orc hits you with a +0 dagger.
You tentacle-slap the orc but do no damage.
You squeeze the orc.
The orc is severely wounded.
You constrict the orc, but do no damage.
The orc barely misses you.
You tentacle-slap the orc but do no damage.
You squeeze the orc.
The orc is almost dead.
You constrict the orc.
You kill the orc!
You tentacle-slap the hobgoblin. You grab the hobgoblin.
You squeeze the hobgoblin.
You kill the hobgoblin!
The orc hits you from afar with a +0 trident.
You closely miss the goblin. Your grab misses the goblin.
The goblin closely misses you. The goblin hits you with a +0 dagger.
The orc hits you from afar with a +0 trident.
* * * LOW HITPOINT WARNING * * *
Casting: Beastly Appendage (safe; 9% risk of failure)
Confirm with . or Enter, or press ? or * to list all spells.
One of your tentacles grows a vicious spike.
The goblin closely misses you.
You barely miss the goblin. You grab the goblin.
You pierce the goblin.
Your squeeze misses the goblin.
The goblin is moderately wounded.
You constrict the goblin. The goblin hits you with a +0 dagger.
* * * LOW HITPOINT WARNING * * *
The orc hits you from afar with a +0 trident.
You die...

## ##.. ###...
#...# ##.#.##.
#.......
############o#.####
#.@go......#.#g)#
#.########...##og.#
#.# ###..##... #.#
#..# #.# #.# #..#
$. #†# #..8 .# ##.#
#..## . #..# ..## .
#.## ..#


You could see an orc and a goblin.

Vanquished Creatures
  A dart slug (D:1)
  2 orcs (D:2)
  A goblin (D:2)
  2 hobgoblins (D:2)
  A kobold (D:1)
  2 rats
9 creatures vanquished.

Notes
Turn   | Place    | Note
-------+----------+-------------------------------------------
     0 | D:1      | croobank the Octopode Transmuter began the quest for the
                  | Orb.
     0 | D:1      | Reached XP level 1. HP: 13/13 MP: 3/3
   137 | D:1      | Found Gabe's Antique Weapon Emporium.
   163 | D:1      | You fall into a shaft and drop 1 floor!
   213 | D:2      | Reached XP level 2. HP: 17/18 MP: 1/5
   235 | D:2      | Slain by an orc

Illustrated notes

Levels and vault maps discovered:
D:1:      dpeg_arrival_arbitrary_c, layout_rooms, serial_shops,
          nicolae_shop_behind_doors, nicolae_shop_hallway_plus, shop_fountains,
          minmay_worlds_worst_comb
D:2:      layout_loops_ring, shapermc_ecumenical_altar_petra,
          guppyfry_early_orc_mine

Action                   || total
-------------------------++-------
Melee: Unarmed           ||    19
       Tentacles         ||     9
       Constrict         ||     7
       Punch             ||     1
       Kick              ||     4
 Cast: Beastly Appendage ||     6
 Stab: Sleeping          ||     1
Dodge: Dodged            ||    16

Table legend: (Time is in decaauts)
 A = Elapsed time spent in this place.
 B = Non-inter-level travel time spent in this place.
 C = Inter-level travel time spent in this place.
 D = Time resting spent in this place.
 E = Time spent auto-exploring this place.
 F = Levels seen in this place.
 G = Mean time per level.
                   A        B        C        D        E       F      G
               +--------+--------+--------+--------+--------+-----+--------+
         Total |    233 |    233 |      0 |      8 |    148 |   2 |  116.5 |
       Dungeon |    233 |    233 |      0 |      8 |    148 |   2 |  116.5 |
               +--------+--------+--------+--------+--------+-----+--------+

Top non-repeatable levels by time:
     D:1: 162 daAuts
     D:2: 71 daAuts
